AoeStats
← Thorshammerpådinmor

Glade

510368675Analyzed
1v1 RM · 23h ago on Sep 30, 2026· 46m 30s· 2 players
Game mode
Random Map
Map size
Tiny (2 player)
Population
200
Speed
Normal
Resources
Standard
Victory
Conquest
Starting age
Dark Age
Ending age
Imperial Age
RankedLock teamsTeams togetherTeam positionsShared explorationLock speedFull tech treeHidden civsTurbo modeCheats
Victory
Defeat
🇩🇰 Mongols · Denmark
880
+17
🇨🇿 Aztecs · Czechia
901
-17
Thorshammerpådinmor
3:19 Loom
9:59 Feudal Age
13:33 Double-Bit Axe
20:15 Castle Age
19:07 Bloodlines
34:13 Imperial Age
35:21 Padded Archer Armor
35:11 Fletching
36:11 Cavalier
36:40 Capped Ram
38:05 Ballistics
37:44 Bodkin Arrow
42:15 Bracer
42:31 Leather Archer Armor
42:22 Scale Barding Armor
42:27 Forging
43:20 Wheelbarrow
44:29 Light Cavalry
cumpi3
0:31 Loom
20:32 Feudal Age
24:40 Castle Age
23:48 Scale Mail Armor
23:58 Forging
23:46 Double-Bit Axe
23:53 Stone Mining
23:48 Horse Collar
26:33 Chain Mail Armor
26:53 Iron Casting
28:18 Gambesons
28:33 Squires
28:18 Arson
30:41 Gold Mining
35:49 Padded Archer Armor
35:39 Fletching
36:45 Leather Archer Armor
37:39 Bodkin Arrow
37:51 Elite Skirmisher
40:34 Heavy Plow
41:01 Bow Saw
44:22 Atlatl
Connection lost

Rejoining the realm…

Still unreachable

The connection could not be restored.

Session expired

The server has moved on; the page needs a fresh start.